Unix NetHack Version 5.0.0-0 post-release - last build May  4 2026 22:22:43 (774f63e81ad911689b3a0859ea89b322d5daca8d,branch:main).

Game began 2026-05-10 22:18:07, ended 2026-05-10 23:15:36.

Hareimo, chaotic male human Wizard

                                    --                   *
                                  ---.-                 ##*
             ---   -.-   -----     ....----            # -.@
            --.|  #%.|    ...        .....|----------..--|.-.#    ---
           --.-- # |$|   |...         ....|+!(|..|...|...|.)|    --.--
    ---   --.-| #  |%|    ..-          ...|]!%|..........|..|--  ....---
    |..- --...|#   |)|   |..|      -----..|...|....|...|.-..|.-.* -....--
    |...--..*..-----.-----..|      |((.|..--|--.|..............-.#.---..--
     -.......%..--..........|      |((.-...............---......--###|...|
     ----....*..<..-........|----  |(( |....%...+..................# |...|
        |............----...|)((|+------..{......|...-...|........-----..--
        |..........--|  +...|!((|.......%.....|..|...|...|..........| |-..--
        --...........|  |...|...|-+-.......-|.------------..-.......---....|
         --.--.......----...--|-|  |...|-|...........................|....--
          -----........|...)%...|  |.....|----....--------...|.........----
              |........|..#.....----..|..|%%.-....|......|...--.......-- -----
              |-...|...|-....{........|..|%%.|....-...._.|............---.|..|
              |....|...--..|....#.....--------....|......|...-..|......|.....|
              --..-|.......|-.....................|-------..- ...-----.......|
               ----|.----------.-------------------       ####*#     ----.----
                   ---        ---                             ##         --
Hareimo the Thaumaturge   St:12 Dx:13 Co:17 In:18 Wi:10 Ch:11  Chaotic
Dlvl:7  $:103 HP:0(56) Pw:2(51) AC:7  Xp:7 T:3065  Blind

Latest messages:
 You finish your prayer.
 You feel that Anhur is well-pleased.
 You feel much better.
 What do you want to zap? [cqySY or ?*] Y
 In what direction? 1
 You kill the fire ant!
 The magic missile bounces!
 The magic missile hits it!
 The magic missile hits it.
 The yellow light explodes!
 You are blinded by a blast of light!
 Wait!  There's something there you can't see!
 It bites!
 It bites again!
 You're on fire!
 It bites!
 It bites again!
 You're on fire!
 What do you want to zap? [cqySY or ?*] Y
 In what direction? 1
 You kill it!
 You feel an unseen monster!
 It bites!
 It bites again!
 You're on fire!
 What do you want to zap? [cqySY or ?*] Y
 Nothing happens.
 It bites!
 It bites again!
 You're on fire!
 Your lamp feels warm.
 What do you want to write with? [- ac-enp-wyzBD-HK-MPR-WYZ or ?*] -
 You write in the dust with your fingertip.
 What do you want to write in the dust here? Elbereth
 It bites!
 It bites again!
 You're on fire!
 You don't have enough energy to cast that spell.
 In what direction? 1
 The spell hits it!
 It bites!
 It bites again!
 You're on fire!
 Your spellbook of force bolt catches fire and burns!
 You miss it.
 It just misses!
 It bites!
 You're on fire!
 You die...
 Do you want your possessions identified? [ynq] (y) q

Inventory:
 Coins    ('$')
  $ - 103 gold pieces
 Amulets  ('"')
  X - an uncursed amulet versus poison
 Weapons  (')')
  a - a blessed +1 quarterstaff (weapon in hands)
 Armor    ('[')
  b - a blessed +2 cloak of magic resistance (being worn)
 Comestibles  ('%')
  i - 2 cursed apples
  Q - 3 cursed food rations
  j - a cursed rotten tin of large kobold meat
 Scrolls  ('?')
  N - an uncursed scroll of create monster
  k - an uncursed scroll of identify
  O - an uncursed scroll of magic mapping
  I - an uncursed scroll of teleportation
 Spellbooks  ('+')
  m - an uncursed spellbook of sleep
 Potions  ('!')
  x - an uncursed potion of blindness
  C - an uncursed potion of full healing
  g - an uncursed potion of water
  h - an uncursed potion of water
 Rings    ('=')
  H - an uncursed ring of cold resistance
  W - an uncursed +1 ring of gain constitution
  d - an uncursed +2 ring of gain strength
  Z - a cursed -2 ring of gain strength
  u - an uncursed ring of invisibility (on right hand)
  w - an uncursed ring of invisibility
  t - an uncursed ring of poison resistance named 75
  G - an uncursed ring of polymorph named 150
  B - an uncursed ring of regeneration
  T - an uncursed ring of searching
  V - an uncursed ring of searching
  e - an uncursed ring of see invisible
  r - an uncursed ring of see invisible
  P - an uncursed ring of see invisible
  s - an uncursed ring of shock resistance named 75
  K - an uncursed ring of slow digestion (on left hand)
  F - an uncursed ring of stealth
  v - an uncursed ring of sustain ability named 50
  U - an uncursed ring of sustain ability
  L - an uncursed ring of teleport control named 150
 Wands    ('/')
  q - a cursed wand of digging (0:8)
  S - a cursed wand of light (0:7)
  y - a wand of locking named nadda (0:6)
  Y - a wand of magic missile (0:0)
  c - a wand of probing (0:6)
 Tools    ('(')
  J - an empty uncursed sack
  o - an uncursed blindfold
  A - an uncursed magic lamp (lit)
  f - a cursed magic lamp
  n - a magic marker (0:22)
  z - a cursed magic marker (0:20)
  p - a cursed towel
 Gems/Stones  ('*')
  D - an uncursed opal
  M - 3 uncursed worthless pieces of blue glass
  R - 2 uncursed worthless pieces of red glass
  E - an uncursed worthless piece of white glass

Hareimo the Wizard's attributes:

Background:
 You were a Thaumaturge, a level 7 male human Wizard.
 You were chaotic, on a mission for Anhur
 who was opposed by Ptah (lawful) and Thoth (neutral).
 You were right-handed.
 You were in the Gnomish Mines, on level 7.
 You entered the dungeon 3065 turns ago.
 It was nighttime.
 You had 690 experience points, 590 more were needed to attain level 8.

Basics:
 You had 0 out of 56 hit points.
 You had 2 out of 51 energy points (spell power).
 Your armor class was 7.
 Your wallet contained 103 zorkmids.
 Autopickup was off.

Final Characteristics:
 Your strength was 12 (limit:18/100).
 Your dexterity was 13 (limit:18).
 Your constitution was 17 (limit:18).
 Your intelligence was 18 (limit:18).
 Your wisdom was 10 (limit:18).
 Your charisma was 11 (limit:18).

Final Status:
 You were temporarily blind.
 You weren't hungry.
 You were unencumbered.
 You were wielding a quarterstaff.
 You were skilled in quarterstaff.

Final Attributes:
 You were piously aligned.
 You were magic-protected.
 You were invisible.
 You had slower digestion.
 You were warded.
 You are dead.

Miscellaneous:
 You encountered 1 bones level.
 Total elapsed playing time was 57 minutes and 18 seconds.

Major events:
 Turn
    1: Hareimo the chaotic male human Wizard entered the dungeon
  945: attained the rank of Conjurer (level 3)
 2046: entered the Gnomish Mines
 2513: reached Mine Town
 2531: attained the rank of Thaumaturge (level 6)
 3065: killed by a fire ant

Spells:
 Name                 Level Category     Fail Retention
 force bolt             1   attack         0%   81%-90%
 sleep                  3   enchantment    0%   81%-90%

Skills:
 Fighting Skills
   bare handed combat [Unskilled]
   riding             [Unskilled]
 Weapon Skills
   dagger             [Unskilled]
   knife              [Unskilled]
   axe                [Unskilled]
   short sword        [Unskilled]
   club               [Unskilled]
   mace               [Unskilled]
   quarterstaff       [Skilled]
   polearms           [Unskilled]
   spear              [Unskilled]
   trident            [Unskilled]
   sling              [Unskilled]
   dart               [Unskilled]
   shuriken           [Unskilled]
 Spellcasting Skills
   attack spells      [Basic]
   healing spells     [Unskilled]
   divination spells  [Unskilled]
   enchantment spells [Basic]
   clerical spells    [Unskilled]
   escape spells      [Unskilled]
   matter spells      [Unskilled]

Voluntary challenges:
 Character rerolling was not enabled.
 You never genocided any monsters.
 You never polymorphed an object.
 You never changed form.
 You used no wishes.
Achievements:
 You entered a shop.
 You attained the rank of Conjurer.
 You entered the Gnomish Mines.
 You entered Minetown.
 You attained the rank of Thaumaturge.
 You entered a temple.

 The Dungeons of Doom: levels 1 to 4
    Level 1: "cheast"
    Level 2:
       A ring shop, a fountain.
    Level 3: "chest"
    Level 4:
       Stairs down to The Gnomish Mines.
 The Gnomish Mines: levels 5 to 8
    Level 5:
    Level 6:
    Level 7: <- You were here.
       Some shops, a temple and an altar to Anhur, some fountains, some trees.
       Final resting place for
          you, killed by a fire ant.
    Level 8:
       A grave.
       Final resting place for
          BeardyHaddock-Arc-Dwa-Mal-Law, killed by a giant ant.


Vanquished creatures:
  a ghost
  2 fire ants
  a bugbear
  a rock mole
  4 fog clouds
  a yellow light
  6 gnome leaders
  2 gnomish wizards
  a kobold mummy
  6 giant ants
  a kitten
  4 dwarves
  3 rothes
  a giant bat
  a hobbit
  3 cave spiders
 25 gnomes
  2 geckos
  a jackal
  a fox
  a kobold
  a sewer rat
  a grid bug
  5 lichens
  4 kobold zombies
  7 newts
86 creatures vanquished.

No species were genocided or became extinct.

Game over:
                       ----------
                      /          \
                     /    REST    \
                    /      IN      \
                   /     PEACE      \
                  /                  \
                  |     Hareimo      |
                  |      103 Au      |
                  | killed by a fire |
                  |       ant        |
                  |                  |
                  |                  |
                  |       2026       |
                 *|     *  *  *      | *
        _________)/\\_//(\/(/\)/\//\/|_)_______

Goodbye Hareimo the Wizard...

You died in The Gnomish Mines on dungeon level 7 with 3203 points,
and 103 pieces of gold, after 3065 moves.
You were level 7 with a maximum of 56 hit points when you died.

